 Dungeon Crawl Stone Soup version 0.30-a0-953-g5f1da4a474 (webtiles) character file.

Game seed: 11558053112286545781

70 cforsyth the Trooper (level 4, 0/37 HPs)
             Began as a Formicid Fighter on Mar 28, 2023.
             Slain by a black bear (1 damage)
             ... on level 3 of the Dungeon.
             The game lasted 00:01:39 (1961 turns).

cforsyth the Trooper (Formicid Fighter)             Turns: 1961, Time: 00:01:40

Health: 0/37       AC:  9    Str: 23    XL:     4   Next: 44%
Magic:  4/4        EV:  9    Int:  7    God:
Gold:   114        SH:  5    Dex: 13    Spells: 3/3 levels left

rFire   + . .      SeeInvis +    a - +0 flail
rCold   . . .      Faith    .    c - +0 buckler
rNeg    . . .      Spirit   .    b - +0 scale mail
rPois   .          Reflect  .    (helmet unavailable)
rElec   .          Rampage  .    i - +1 cloak
rCorr   .                        (no gloves)
Will    .....                    (no boots) Stlth
                                 (no amulet)
HPRegen 0.26/turn                l - ring of protection from fire
MPRegen 0.09/turn                (no ring)

@: no status effects
A: permanent stasis, dig shafts and tunnels, antennae 3, four strong arms
a: Dig, Shaft Self


You were on level 3 of the Dungeon.
You visited 1 branch of the dungeon, and saw 3 of its levels.

You collected 114 gold pieces.

Inventory:

Hand Weapons
 a - a +0 flail (weapon)
Armour
 b - a +0 scale mail (worn)
 c - a +0 buckler (worn)
 i - a +1 cloak (worn)
Jewellery
 l - a ring of protection from fire (left hand)
 r - a +5 ring of evasion
Wands
 o - a wand of mindburst (13)
Scrolls
 e - a scroll of blinking {unknown}
 f - a scroll of enchant armour {unknown}
 g - a scroll of amnesia {unknown}
 h - a scroll of magic mapping {unknown}
 j - a scroll of silence {unknown}
 k - 2 scrolls of teleportation {unknown}
 m - 2 scrolls of identify {unknown}
Potions
 d - a potion of might
 n - 2 potions of flight {unknown}
 p - a potion of heal wounds {unknown}
 q - a potion of invisibility {unknown}
 s - a potion of curing {unknown}


   Skills:
 + Level 4.1 Fighting
 * Level 3.7 Maces & Flails
 - Level 3.2 Armour
 - Level 4.0 Shields


You had 3 spell levels left.
You didn't know any spells.
Your spell library was empty.

Dungeon Overview and Level Annotations

Branches:
Dungeon (3/15)

Altars:
Dithmenos


Innate Abilities, Weirdness & Mutations

You cannot be hasted, slowed, berserked, paralysed or teleported.
You can dig through walls and to a lower floor.
You have a pair of large antennae on your head. (SInv)
Your four strong arms can wield two-handed weapons with a shield.


Message History

You closely miss the black bear.
The black bear is severely wounded.
You block the black bear's attack. The black bear barely misses you.
You block the black bear's attack. The black bear closely misses you.
The black bear claws you. The black bear closely misses you.
You are too injured to fight recklessly!
You are too injured to fight recklessly!
You are too injured to fight recklessly!
You are too injured to fight recklessly!
You are too injured to fight recklessly!
You are too injured to fight recklessly!
You are too injured to fight recklessly!
You barely miss the black bear.
The black bear is severely wounded.
The black bear bites you!
* * * LOW HITPOINT WARNING * * *
The black bear claws you but does no damage.
The black bear claws you.
* * * LOW HITPOINT WARNING * * *
The black bear bites you.
* * * LOW HITPOINT WARNING * * *
The black bear claws you but does no damage. x2
You hit the black bear.
The black bear is severely wounded.
The black bear bites you but does no damage.
The black bear closely misses you.
The black bear claws you but does no damage.
You barely miss the black bear.
The black bear is severely wounded.
You block the black bear's attack. The black bear barely misses you.
The black bear claws you but does no damage.
The black bear barely misses you. The black bear claws you.
* * * LOW HITPOINT WARNING * * *
The black bear claws you but does no damage.
Unknown command.
You thump the black bear!
The black bear is almost dead.
The black bear bites you but does no damage.
The black bear claws you.
You die...

{ .~. #. ...##
#.. #.#.##...
#...#....
#......._ #...#
###...# #††..$#
#.##@## #...h#
#..#.# #..#.#
#..#.# #..#.# #
#####.Z#.##....
#...............
.$...#....##.....


You could see a black bear (berserk).

Vanquished Creatures
  A hound zombie (D:3)
  An adder (D:2)
  2 worms (D:2)
  A dart slug (D:1)
  A ball python (D:2)
  2 endoplasms
  5 giant cockroaches
  2 hobgoblins
  4 jackals (D:3)
  5 kobolds
  A bat (D:2)
  2 frilled lizards
  5 goblins
  4 rats
36 creatures vanquished.

Notes
Turn   | Place    | Note
-------+----------+-------------------------------------------
     0 | D:1      | cforsyth the Formicid Fighter began the quest for the Orb.
     0 | D:1      | Reached XP level 1. HP: 18/18 MP: 1/1
    87 | D:1      | Reached XP level 2. HP: 24/24 MP: 2/2
   955 | D:2      | Reached XP level 3. HP: 28/29 MP: 3/3
  1420 | D:2      | Found a faded altar of an unknown god.
  1578 | D:2      | Reached XP level 4. HP: 25/37 MP: 4/4
  1908 | D:3      | Found a shadowy altar of Dithmenos.
  1908 | D:3      | Noticed a black bear
  1960 | D:3      | HP: 1/37 [black bear (2)]
  1961 | D:3      | Slain by a black bear

Illustrated notes

Levels and vault maps discovered:
D:1:      shiori_arrival_maze, layout_loops_corners
D:2:      layout_loops_corners, chequers_ecumenical_altar_twisty
D:3:      minmay_general_purpose_star, layout_loops_ring, lemuel_round_altar,
          nicolae_overflow_hidden_temple, serial_undead, serial_undead_b,
          serial_undead_f, serial_undead_f, serial_undead_d,
          amcnicky_mini_corridor_feature

Skill      XL: |  1  2  3  4 |
---------------+-------------+-----
Maces & Flails | 3 |  3.7
Fighting       | 4 |  4.1
Armour         | |  3.2
Shields        | |  4.0

Action                     |  1- 3 |  4- 6 || total
---------------------------+-------+-------++-------
  Melee: Flail             |    85 |    34 ||   119
 Armour: Scale mail        |    32 |    55 ||    87
  Dodge: Dodged            |    31 |    46 ||    77
  Block: Buckler           |    15 |    21 ||    36

Table legend: (Time is in decaauts)
 A = Elapsed time spent in this place.
 B = Non-inter-level travel time spent in this place.
 C = Inter-level travel time spent in this place.
 D = Time resting spent in this place.
 E = Time spent auto-exploring this place.
 F = Levels seen in this place.
 G = Mean time per level.
                   A        B        C        D        E       F      G
               +--------+--------+--------+--------+--------+-----+--------+
         Total |   1992 |   1879 |    113 |      0 |   1575 |   3 |  664.0 |
       Dungeon |   1992 |   1879 |    113 |      0 |   1575 |   3 |  664.0 |
               +--------+--------+--------+--------+--------+-----+--------+

Top non-repeatable levels by time:
     D:2: 1009 daAuts
     D:1: 919 daAuts
     D:3: 63 daAuts
